Map: Ascension to Aiur LE

Players

Juxtapose - Winner!

  • Race: Zerg Zerg
  • League: Gold
  • Spawn Location: 5:00

Nova

  • Race: Terran Terran
  • League: Platinum
  • Spawn Location: 11:00

VOD

https://youtu.be/4qtKIvjPzrE

Description

This is the second time ever I've been matched against the same opponent twice in a row. I looked at his profile after loosing to him last game, and while he's currently Platinum he finished in Diamond a few Seasons ago, so no question my opponent knows what he's doing.

We both went Random again, and ironically we both get the same Races as our first match! I didn't expect fast Battlecruisers a second time and proved right, but my opponent's harassment is extremely strong.

Also, he didn't need to do what he did at game's end, so Nova, if you're reading this, you're a good guy and thank you!

Time

  • Played on: Oct. 22, 2017, 2:54 p.m.
  • Length: 15:09
Show
View Real Time Build Order
Export as new Build Order

Juxtapose Zerg - Winner!

Build Orders: Pool First 

Get SALT Encoding   

  12  0:01  Drone  
  13  0:11  Drone  
  14  0:17  Overlord  
  14  0:36  Drone x2  
  14  0:37  Drone  
  17  0:49  Spawning Pool  
  16  0:53  Overlord  
  16  1:00  Drone  
  17  1:05  Extractor  
  17  1:11  Drone  
  17  1:21  Drone  
  18  1:32  Hatchery  
  18  1:37  Drone  
  18  1:41  Queen  
  20  1:56  Drone x2  
  22  2:08  Drone  
  23  2:28  Drone x2  
  27  2:43  Lair  
  24  2:45  Drone  
  25  2:52  Drone x4  
  25  2:53  Drone  
  30  3:01  Drone  
  31  3:07  Spine Crawler  
  31  3:10  Spine Crawler  
  31  3:12  Drone x2, Extractor  
  29  3:22  Queen  
  28  3:40  Drone x3  
  31  3:45  Hydralisk Den, Queen  
  32  3:53  Drone x2  
  32  3:54  Drone  
  35  3:57  Drone  
  36  4:14  Overlord x2  
  36  4:16  Queen  
  36  4:21  Pneumatized Carapace, Overlord  
  36  4:31  Overlord  
  36  4:48  Drone  
  36  4:49  Drone x2  
  36  4:52  Queen  
  41  5:02  Hydralisk x5  
  41  5:03  Hydralisk  
  53  5:08  Drone x3  
  56  5:24  Queen  
  56  5:28  Hydralisk  
  58  5:31  Overlord x2  
  58  5:34  Muscular Augments  
  60  5:54  Hydralisk x3  
  66  5:57  Overlord x2  
  66  6:04  Extractor  
  66  6:06  Extractor  
  64  6:11  Overlord  
  64  6:12  Overlord x2  
  64  6:33  Hydralisk x5  
  64  6:37  Zergling x14  
  81  6:43  Overseer x2  
  81  6:55  Metabolic Boost, Evolution Chamber  
  69  7:07  Zergling x12  
  65  7:14  Drone  
  66  7:18  Queen  
  68  7:29  Zergling x8  
  72  7:35  Drone  
  73  7:40  Zerg Ground Armor Level 1  
  70  7:56  Drone  
  70  7:57  Drone x3  
  72  8:20  Drone x5  
  72  8:24  Hatchery, Hydralisk x2  
  72  8:26  Zergling x2  
  81  8:46  Infestation Pit  
  80  8:55  Hydralisk x6  
  91  9:57  Hydralisk x4  
  91  9:59  Zergling x2, Overlord x2  
  100  10:00  Overlord x3  
  100  10:12  Overlord x3  
  100  10:14  Hatchery  
  99  10:31  Zergling x6  
  99  10:32  Zergling x6  
  99  10:35  Hive  
  105  10:39  Queen  
  107  10:50  Zergling x4  
  107  10:51  Zergling x8  
  113  11:12  Hydralisk x4, Overlord  
  121  11:19  Pathogen Glands  
  119  11:41  Drone x2, Spine Crawler  
  119  11:42  Spine Crawler  
  119  11:45  Drone x4  
  119  11:46  Overlord  
  123  11:48  Hydralisk  
Show
View Real Time Build Order
Export as new Build Order

Nova Terran 

Build Orders: 1/1/1, Cyclone Opening 

Get SALT Encoding   

  12  0:00  SCV  
  13  0:13  SCV  
  14  0:17  Supply Depot  
  14  0:25  SCV  
  14  0:28  Refinery  
  15  0:39  SCV  
  16  0:45  Barracks  
  16  0:51  SCV  
  16  0:56  Refinery  
  17  1:03  SCV  
  18  1:15  SCV  
  19  1:34  Orbital Command, Reaper  
  20  1:43  Factory  
  20  1:59  Supply Depot  
  20  2:00  SCV  
  21  2:07  Reaper  
  22  2:17  SCV  
  23  2:27  Starport  
  23  2:29  SCV  
  24  2:39  Barracks Reactor  
  24  2:43  Cyclone  
  27  2:45  Supply Depot  
  27  2:48  SCV  
  28  3:01  SCV  
  28  3:05  Starport Tech Lab  
  29  3:13  SCV  
  30  3:39  Command Center  
  30  3:40  Raven  
  30  3:41  Cyclone  
  35  3:42  SCV  
  36  3:50  Supply Depot  
  36  3:54  SCV  
  37  3:59  Refinery  
  37  4:06  SCV  
  38  4:14  Refinery  
  38  4:18  SCV  
  38  4:19  Cyclone  
  39  4:28  Supply Depot  
  39  4:31  Raven  
  39  4:33  SCV  
  42  4:45  SCV  
  43  4:51  Cyclone  
  43  4:52  Orbital Command  
  46  4:57  SCV  
  47  5:09  SCV  
  48  5:14  Raven  
  50  5:21  SCV  
  54  5:28  Cyclone  
  54  5:31  Command Center  
  54  5:36  SCV x2  
  56  5:48  SCV  
  57  5:51  SCV, Barracks  
  57  5:53  Barracks  
  58  5:57  Supply Depot  
  58  6:00  SCV  
  59  6:11  Starport Reactor  
  62  6:17  Barracks  
  62  6:18  Barracks, Engineering Bay  
  59  6:19  Engineering Bay  
  59  6:24  SCV x2  
  61  6:29  Supply Depot  
  61  6:36  Marine x2, SCV  
  61  6:37  SCV  
  65  6:45  Barracks Tech Lab x2  
  65  6:48  Terran Infantry Weapons Level 1  
  65  6:49  Terran Infantry Armor Level 1  
  65  6:54  Marine  
  65  7:01  Marine  
  67  7:02  SCV x2  
  67  7:08  Siege Tank  
  63  7:09  Barracks Reactor  
  63  7:12  Marine  
  63  7:14  SCV x2  
  63  7:15  Orbital Command  
  63  7:18  Marine  
  63  7:21  Stimpack  
  63  7:22  Combat Shields  
  64  7:26  SCV x2  
  66  7:34  Supply Depot x2  
  66  7:36  Marine  
  67  7:37  Barracks Reactor  
  67  7:39  Marine x2  
  67  7:40  Marine, Siege Tank  
  67  7:41  Medivac  
  75  7:45  SCV x2  
  75  7:46  SCV  
  75  7:49  Marine  
  79  7:52  Armory  
  79  7:53  Supply Depot  
  79  7:54  Marine  
  79  7:57  Marine x2, SCV  
  79  7:58  Marine x2  
  85  8:02  Supply Depot  
  85  8:04  SCV x2  
  87  8:07  Marine  
  87  8:09  Supply Depot  
  87  8:11  SCV  
  89  8:13  Supply Depot  
  89  8:14  Marine  
  89  8:15  Marine, Supply Depot  
  89  8:16  SCV x2  
  93  8:24  Marine x5  
  98  8:28  Missile Turret  
  98  8:29  SCV  
  98  8:30  SCV x2  
  101  8:35  Supply Depot  
  101  8:37  Missile Turret  
  101  8:42  SCV  
  101  8:44  Armory  
  101  8:48  Terran Vehicle And Ship Armor Level 1  
  102  8:50  SCV x2  
  102  8:53  Siege Tank, Armory  
  102  8:54  SCV  
  108  8:57  Supply Depot  
  108  8:58  Concussive Shells  
  108  8:59  Terran Infantry Weapons Level 2  
  108  9:02  SCV  
  108  9:18  Marine  
  108  9:19  Marine x7  
  108  9:23  Medivac x2  
  120  9:25  Siege Tank  
  120  9:29  SCV x3  
  126  9:36  Marine  
  126  9:37  Marine  
  128  9:41  Refinery  
  128  9:43  Command Center  
  128  9:44  Terran Ship Weapons Level 1  
  128  9:45  Terran Infantry Armor Level 2  
  128  9:47  Terran Vehicle Weapons Level 1  
  128  9:53  Starport, SCV x2  
  128  9:54  Starport, SCV  
  128  9:57  Refinery  
  131  10:00  Missile Turret, Sensor Tower  
  131  10:05  Supply Depot x2  
  131  10:07  Supply Depot  
  131  10:10  Marine  
  131  10:11  Marine x7  
  139  10:28  Siege Tank, Marine  
  142  10:35  Factory  
  143  10:38  Barracks  
  143  10:39  Barracks  
  143  10:41  Refinery  
  143  10:43  Refinery  
  143  10:45  Barracks, Missile Turret  
  143  10:48  Terran Vehicle And Ship Armor Level 2  
  143  10:57  Planetary Fortress  
  143  10:59  Missile Turret  
  143  11:00  Siege Tank  
  146  11:10  Starport  
  146  11:11  Starport  
  146  11:12  Marine  
  146  11:13  Marine x5, Starport  
  152  11:18  Starport Tech Lab  
  152  11:24  Factory Tech Lab  
  152  11:32  Siege Tank  
  148  11:33  Terran Infantry Weapons Level 3  
  148  11:34  Barracks Tech Lab  
  148  11:35  Barracks Tech Lab x2  
  148  11:49  Command Center  
  148  11:51  Command Center x2  
  148  11:59  Terran Vehicle Weapons Level 2, Missile Turret x3  
  148  12:00  Terran Ship Weapons Level 2, Missile Turret  
  147  12:12  Terran Infantry Armor Level 3  
  146  12:43  Starport Tech Lab x3  
  144  12:50  Fusion Core  
  144  12:59  Starport Tech Lab  
  137  13:39  Orbital Command  
  137  13:40  Orbital Command x2  
Tags
 
Add a new tag
Caveats
  • Supply blocks, unpowered buildings, or Contaminate may cause inaccurate times.
  • Supply counts are checked every 10 seconds.